 Dungeon Crawl Stone Soup version 0.22.1-1-ga44c0e56f4 (webtiles) character file.

3196 PikkenKukken the Geomancer (level 9, -2/54 HPs)
             Began as a Gargoyle Earth Elementalist on Oct 1, 2018.
             Was a Follower of Vehumet.
             Slain by a two-headed ogre
             ... wielding a +0 giant club
              (11 damage)
             ... on level 8 of the Dungeon.
             The game lasted 00:36:39 (12064 turns).

PikkenKukken the Geomancer (GrEE)                  Turns: 12064, Time: 00:36:40

Health: -2/54      AC: 13    Str: 14    XL:     9   Next: 96%
Magic:  1/16       EV: 12    Int: 17    God:    Vehumet [*.....]
Gold:   352        SH:  0    Dex: 10    Spells: 7/18 levels left

rFire    . . .     SeeInvis +   x - staff of death
rCold    . . .     Gourm    .   (no shield)
rNeg     + + .     Faith    .   m - +2 animal skin
rPois    ∞         Spirit   .   n - +0 helmet
rElec    +         Reflect  .   b - +0 cloak
rCorr    .         Harm     .   (no gloves)
MR       .....                  (no boots)
Stlth    +++.......             (no amulet)
HPRegen  0.18/turn              j - ring of see invisible
MPRegen  0.15/turn              w - ring of wizardry

@: no status effects
A: negative energy resistance 1, electricity resistance, unbreathing,
petrification resistance, rot immunity, AC +6
a: Renounce Religion


You were on level 8 of the Dungeon.
You worshipped Vehumet.
Vehumet was aware of your devotion.
You were hungry.

You visited 2 branches of the dungeon, and saw 9 of its levels.

You collected 352 gold pieces.

Inventory:

Hand Weapons
 e - a +1 hunting sling
 t - a cursed -1 whip
Armour
 b - a +0 cloak (worn)
 c - a +0 robe
 m - a +2 animal skin (worn)
 n - a +0 helmet (worn)
Magical Staves
 x - an uncursed staff of death (weapon)
Jewellery
 j - a ring of see invisible (left hand)
 r - an uncursed ring of protection from cold
 u - a +2 ring of strength
 w - a ring of wizardry (right hand)
Wands
 y - a wand of scattershot (3)
 z - a wand of random effects (22)
Scrolls
 a - 3 scrolls of remove curse
 k - 3 scrolls of magic mapping
 q - 2 scrolls of teleportation
 v - 2 scrolls of enchant armour
Potions
 f - 3 potions of curing
 g - a potion of ambrosia
 h - 2 potions of heal wounds
 l - a potion of invisibility
 o - 2 potions of haste
 s - 3 potions of agility
 A - a potion of cancellation {unknown}
Comestibles
 d - 4 rations


   Skills:
 + Level 5.0 Fighting
 - Level 4.0 Staves
 - Level 5.0 Armour
 - Level 1.5 Dodging
 - Level 6.0 Stealth
 - Level 5.0 Spellcasting
 + Level 5.0 Conjurations
 - Level 3.1 Transmutations
 - Level 8.0 Earth Magic


You had 7 spell levels left.
You knew the following spells:

 Your Spells              Type           Power        Failure   Level  Hunger
a - Sandblast             Erth           ####..       1%          1    None
b - Passwall              Tmut/Erth      ###.....     1%          2    #......
c - Stone Arrow           Conj/Erth      ####..       1%          3    ###....
d - Lee's Rapid Deconstr  Erth           ####......   6%          5    ######.

Your spell library contained the following spells:

 Spells                   Type           Power        Failure   Level  Hunger
 Freeze                   Ice            #...         6%          1    None
 Throw Frost              Conj/Ice       ##....       3%          2    #......
 Petrify                  Tmut/Erth      ###.....     6%          4    ####...
 Ozocubu's Armour         Chrm/Ice       #.......     16%         3    ###....
 Throw Icicle             Conj/Ice       ##......     21%         4    ####...
 Summon Ice Beast         Ice/Summ       #.......     45%         4    ####...


Dungeon Overview and Level Annotations

Branches:
Dungeon (8/15)             Temple (1/1) D:5
   Lair: D:8-11

Altars:
Ashenzari
Cheibriados
Dithmenos
Gozag
Hepliaklqana
Kikubaaqudgha
Makhleb
Nemelex Xobeh
Okawaru
Qazlal
Sif Muna
Trog
Uskayaw
Vehumet
Wu Jian
Xom
Yredelemnul
Zin
The Shining One

Shops:
D:4 :   D:8 =

Annotations:
D:2 Sigmund
D:8 Erica


Innate Abilities, Weirdness & Mutations

You are resistant to torment.
Your stone body is resilient. (AC +6)
You are immune to poison.
You resist negative energy. (rN+)
You are resistant to electric shocks. (rElec)
You can survive without breathing.
You are immune to petrification.
You are immune to rotting.


Message History

Confirm with . or Enter, or press ? or * to list all spells.
Aiming: Sandblast (safe; 1% risk of failure)
Press: ? - help, Shift-Dir - straight line, f - two-headed ogre
Aim: a two-headed ogre, wielding two giant clubs (heavily wounded)
You don't have any stones to cast with.
The two-headed ogre barely misses you.
The two-headed ogre hits you with a giant club!
The two-headed ogre hits you with a giant club!
The two-headed ogre hits you with a giant club.
Casting: Sandblast (safe; 1% risk of failure)
Confirm with . or Enter, or press ? or * to list all spells.
Aiming: Passwall (safe; 1% risk of failure)
Press: ? - help, Dir - move target cursor, p - two-headed ogre A rock wall.
The two-headed ogre barely misses you.
The two-headed ogre hits you with a giant club!!
* * * LOW HITPOINT WARNING * * *
You begin to meditate on the wall.
You continue meditating on the rock.
The two-headed ogre hits you with a giant club!
You die...

............ ........#
.##..################......#
.##..##..#.....#...##......#
.........#.....#...#.......#
.........#.....#...#.......#
.........#.....#...'.......#
.........#.....#...##......#
.........'.....#O..###+#####
.........#....!'@.......
.#########.....######...
.##.#.....#####.....# ...
....#.....# #.....# ..
....#.....# #.....# .
....#.....# #.....#
....#.....# #.....#
#####.....# #.....# #######
#######


You could see a two-headed ogre.

Vanquished Creatures
  2 hippogriffs (D:8)
  A spriggan (D:8)
  Eustachio (D:3)
  A hungry ghost (D:7)
  A water moccasin (D:8)
  An orc warrior (D:6)
  2 black bears
  2 phantoms
  7 ogres
  3 centaurs
  A bullfrog (D:7)
  A scorpion (D:8)
  6 killer bees (D:8)
  2 crimson imps
  2 orc priests (D:6)
  2 hounds
  2 iguanas
  4 orc wizards
  4 worker ants
  A hound zombie (D:8)
  A hound skeleton (D:6)
  Robin (D:2)
  8 adders
  3 gnolls (D:7)
  A white imp (D:5)
  An ooze (D:2)
  3 worms
  A dart slug (D:2)
  4 leopard geckos
  16 orcs
  2 ball pythons (D:2)
  2 giant cockroaches
  10 hobgoblins
  11 jackals
  5 quokkas
  5 bats
  4 frilled lizards
  10 goblins
  2 goblin skeletons (D:5)
  2 goblin zombies (D:5)
  5 kobolds
  A kobold skeleton (D:5)
  An orc skeleton (D:5)
  2 orc zombies (D:5)
  4 rats
151 creatures vanquished.

Notes
Turn   | Place    | Note
-------+----------+-------------------------------------------
     0 | D:1      | PikkenKukken the Gargoyle Earth Elementalist began the
                  | quest for the Orb.
     0 | D:1      | Reached XP level 1. HP: 10/10 MP: 3/3
   167 | D:1      | Reached skill level 4 in Earth Magic
   302 | D:1      | Reached XP level 2. HP: 15/15 MP: 5/5
   979 | D:2      | Noticed Robin
   999 | D:2      | Reached XP level 3. HP: 19/19 MP: 4/6
  1001 | D:2      | Reached skill level 5 in Earth Magic
  1041 | D:2      | Killed Robin
  1062 | D:2      | Learned a level 2 spell: Passwall
  1066 | D:2      | Learned a level 3 spell: Stone Arrow
  1311 | D:2      | Noticed Sigmund
  1456 | D:2      | Reached XP level 4. HP: 24/24 MP: 7/7
  1533 | D:2      | Reached skill level 6 in Earth Magic
  1817 | D:3      | Reached skill level 1 in Armour
  1827 | D:3      | Reached skill level 1 in Fighting
  1916 | D:3      | Reached XP level 5. HP: 29/29 MP: 2/8
  3084 | D:4      | Noticed Eustachio
  3544 | D:3      | Killed Eustachio
  3544 | D:3      | Reached XP level 6. HP: 37/37 MP: 5/9
  3661 | D:4      | Noticed a phantom
  3758 | D:4      | Killed a phantom
  3858 | D:4      | Found Ecib's Book Emporium.
  3915 | D:4      | Reached XP level 7. HP: 35/44 MP: 6/10
  4129 | D:5      | Entered Level 5 of the Dungeon
  4283 | D:5      | Found a staircase to the Ecumenical Temple.
  4289 | Temple   | Entered the Ecumenical Temple
  4422 | Temple   | Became a worshipper of Vehumet
  4494 | D:5      | Reached skill level 1 in Conjurations
  4604 | D:5      | Found a glowing golden altar of the Shining One.
  5516 | D:6      | Reached skill level 5 in Fighting
  5516 | D:6      | Reached skill level 5 in Armour
  6292 | D:5      | Reached XP level 8. HP: 49/49 MP: 0/11
  6614 | D:6      | Reached skill level 5 in Conjurations
  6708 | D:6      | Reached skill level 1 in Transmutations
  7730 | D:7      | Reached * piety under Vehumet
  7730 | D:7      | Offered knowledge of Freeze by Vehumet.
  8574 | D:7      | Reached XP level 9. HP: 54/54 MP: 6/16
  9000 | D:7      | Reached skill level 5 in Spellcasting
  9509 | D:7      | Reached skill level 1 in Staves
  9721 | D:8      | Reached skill level 7 in Earth Magic
  9954 | D:8      | Noticed Erica
  9993 | D:8      | Noticed a two-headed ogre
 10409 | D:8      | Found Utsi's Jewellery Emporium.
 10553 | D:8      | Reached skill level 8 in Earth Magic
 11239 | D:8      | Reached skill level 5 in Stealth
 11390 | D:8      | Learned a level 5 spell: Lee's Rapid Deconstruction
 11410 | D:8      | Found a shadowy altar of Dithmenos.
 12064 | D:8      | Slain by a two-headed ogre

Skill      XL: |  1  2  3  4  5  6  7  8  9 |
---------------+----------------------------+-----
Earth Magic    | 4 5 6 8 |  8.0
Armour         | 1 3 4 5 |  5.0
Fighting       | 1 3 4 5 |  5.0
Conjurations   | 4 5 |  5.0
Transmutations | 3 |  3.1
Spellcasting   | 4 5 |  5.0
Staves         | 4 |  4.0
Stealth        | 6 |  6.0
Dodging        | |  1.5

Action                   |  1- 3 |  4- 6 |  7- 9 || total
-------------------------+-------+-------+-------++-------
Melee: Unarmed           |       |    35 |       ||    35
       Staff             |       |       |   101 ||   101
 Fire: Hunting sling     |    74 |    54 |    15 ||   143
 Cast: Sandblast         |    24 |    31 |    58 ||   113
       Stone Arrow       |     3 |    21 |   116 ||   140
       Passwall          |       |       |    13 ||    13
       Lee's Rapid Decon |       |       |     9 ||     9
  Use: Scroll            |     3 |     5 |     9 ||    17
       Potion            |       |       |     1 ||     1
  Eat: Chunk             |     2 |     6 |    18 ||    26
       Ration            |       |     2 |     6 ||     8
Armor: Robe              |     7 |       |       ||     7
       Animal skin       |     6 |    90 |   136 ||   232
Dodge: Dodged            |    51 |   139 |   197 ||   387
